AoeStats
← 17_Neo_

Arabia

505213484Analyzed
1v1 RM · 25d ago on Sep 8, 2026· 45m 8s· 2 players
Game mode
Random Map
Map size
Tiny (2 player)
Population
200
Speed
Normal
Resources
Standard
Victory
Conquest
Starting age
Dark Age
Ending age
Imperial Age
RankedLock teamsTeams togetherTeam positionsShared explorationLock speedFull tech treeHidden civsTurbo modeCheats
Victory
Defeat
🇺🇸 Vietnamese · United States
1654
+19
🇨🇴 Maya · Colombia
1719
-19
z1unknown
5:32 Loom
9:17 Feudal Age
9:58 Double-Bit Axe
11:09 Horse Collar
14:15 Wheelbarrow
19:43 Castle Age
18:41 Gold Mining
18:42 Fletching
19:05 Padded Archer Armor
20:18 Bodkin Arrow
19:44 Crossbowman
22:58 Ballistics
24:22 Bow Saw
26:59 Bloodlines
26:49 Husbandry
42:30 Imperial Age
41:24 Thumb Ring
43:15 Bracer
44:17 Chemistry
17_Neo_
0:27 Loom
9:48 Feudal Age
10:16 Double-Bit Axe
11:32 Horse Collar
19:31 Castle Age
17:48 Gold Mining
19:35 Scale Mail Armor
19:46 Forging
19:38 Eagle Warrior
20:20 Squires
21:01 Chain Mail Armor
34:13 Elite Skirmisher
36:42 Fletching
37:18 Bodkin Arrow
39:57 Town Watch
Connection lost

Rejoining the realm…

Still unreachable

The connection could not be restored.

Session expired

The server has moved on; the page needs a fresh start.